 Dungeon Crawl Stone Soup version 0.25.1-11-g244df3a29b (webtiles) character file.

Game seed: 16227261410068552901

204300 DeepDeath the Warrior (level 18, -10/158 HPs)
             Began as a Yellow Draconian Fighter on Nov 14, 2023.
             Was an Initiate of Gozag.
             Mangled by an entropy weaver (11 damage)
             ... on level 3 of the Spider Nest on Nov 16, 2023.
             The game lasted 03:46:56 (54947 turns).

DeepDeath the Warrior (Yellow Draconian Fighter)   Turns: 54947, Time: 03:46:58

Health: -10/158    AC:  7    Str: 31    XL:     18   Next: 38%
Magic:  19/19      EV: 24    Int: 15    God:    Gozag
Gold:   637        SH: 16    Dex: 15    Spells: 17/17 levels left

rFire    . . .     SeeInvis +   w - +4 scimitar (flame)
rCold    . . .     Gourm    .   j - +1 kite shield
rNeg     . . .     Faith    .   (armour unavailable)
rPois    +         Spirit   .   (helmet restricted)
rElec    +         Reflect  .   V - +2 cloak "Tacoifur" {Str+3 Int+6 Stlth+}
rCorr    +         Harm     .   Y - +0 pair of gloves
MR       +++..                  b - +0 pair of boots
Stlth    +++++.....             h - amulet "Jirouruop" {RegenMP MR++ SInv}
HPRegen  0.36/turn              a - ring of poison resistance
MPRegen  0.41/turn              S - ring of the Swan {rElec Str+6}

@: corroded, gold aura, flying
A: spit acid, unfitting armour, big wings, horns 1, frail 1, sense surroundings
1, acidic bite, cold-blooded, acid resistance, AC +10
a: Breathe Acid, Stop Flying, Potion Petition, Call Merchant, Bribe Branch,
Renounce Religion


You were on level 3 of the Spider Nest.
You worshipped Gozag.
Gozag was pleased with you.
You were near starving.

You visited 5 branches of the dungeon, and saw 31 of its levels.
You also visited: Sewer, Bailey and Volcano.

You collected 13612 gold pieces.
You spent 3688 gold pieces at shops.
You paid 9287 gold pieces to Gozag.

Inventory:

Hand Weapons
 e - a +2 long sword of electrocution
 s - a +1 rapier of flaming
 v - a +1 vampiric scimitar
 w - a +4 scimitar of flaming (weapon)
Missiles
 d - 14 silver javelins
 B - 42 boomerangs (quivered)
 J - 31 javelins
 N - 7 throwing nets
 T - 7 datura-tipped darts
 Z - a curare-tipped dart
Armour
 b - a +0 pair of boots (worn)
 j - a +1 kite shield (worn)
 V - the +2 cloak "Tacoifur" (worn) {Str+3 Int+6 Stlth+}
   (You found it on level 10 of the Dungeon)

   It affects your strength (+3).
   It affects your intelligence (+6).
   It makes you more stealthy.
 Y - a +0 pair of gloves (worn)
Jewellery
 a - a ring of poison resistance (left hand)
 h - the amulet "Jirouruop" (around neck) {RegenMP MR++ SInv}
   (You bought it in a shop on level 2 of the Lair of Beasts)

   [amulet of magic regeneration]

   It increases your magic regeneration.
   It affects your resistance to hostile enchantments.
   It lets you see invisible.
 z - the ring "Fycos" {rF+ Stlth-}
   (You bought it in a shop on level 2 of the Lair of Beasts)

   [ring of attention]

   It protects you from fire.
   It makes you less stealthy.
 D - an uncursed ring of positive energy
 I - an uncursed amulet of guardian spirit {unknown}
 S - the ring of the Swan (right hand) {rElec Str+6}
   (You bought it in a shop on level 2 of the Lair of Beasts)

   [ring of strength]

   It affects your strength (+6).
   It insulates you from electricity.
 U - an uncursed ring of protection from magic
Wands
 i - a wand of digging (8)
 x - a wand of acid (31)
 y - a wand of paralysis (9)
 E - a wand of enslavement (16)
 O - a wand of iceblast (17)
Scrolls
 k - 20 scrolls of remove curse
 n - 2 scrolls of noise
 q - 9 scrolls of identify
 u - a scroll of fog
 K - a scroll of silence
 P - 3 scrolls of fear
 R - 3 scrolls of magic mapping
 X - a scroll of holy word
Potions
 l - 8 potions of stabbing
 o - a potion of brilliance
 p - 2 potions of cancellation
 r - 3 potions of might
 t - a potion of haste
 C - 6 potions of flight
 G - a potion of heal wounds
 H - 4 potions of resistance
 M - a potion of berserk rage
Miscellaneous
 m - a phial of floods
 A - a lightning rod (inert)
 F - a box of beasts
Comestibles
 f - 11 rations


   Skills:
 + Level 19.2 Fighting
 - Level 12.0(14.0) Short Blades
 - Level 12.3(14.1) Long Blades
 - Level 5.0 Throwing
 - Level 16.0 Dodging
 - Level 8.0 Stealth
 - Level 15.0 Shields
 - Level 2.0 Evocations


You had 17 spell levels left.
You didn't know any spells.
Your spell library contained the following spells:

 Spells                   Type           Power        Failure   Level  Hunger
 Animate Skeleton         Necr           N/A          26%         1    ##.....
 Apportation              Tloc           #.....       26%         1    ##.....
 Corona                   Hex            #......      26%         1    ##.....
 Foxfire                  Conj/Fire      #...         26%         1    ##.....
 Pain                     Necr           #...         26%         1    ##.....
 Summon Small Mammal      Summ           #...         26%         1    ##.....
 Slow                     Hex            #.......     38%         2    ###....
 Sublimation of Blood     Necr           #.........   38%         2    ###....
 Confusing Touch          Hex            #.......     63%         3    ####...
 Conjure Flame            Conj/Fire      #.......     63%         3    ####...
 Dazzling Flash           Conj/Hex       #.....       63%         3    ####...
 Gell's Gravitas          Tloc           #.........   63%         3    ####...
 Ignite Poison            Fire/Tmut/Pois #.......     63%         3    ####...
 Inner Flame              Hex/Fire       #.......     63%         3    ####...
 Portal Projectile        Hex/Tloc       #.....       63%         3    ####...
 Recall                   Summ/Tloc      N/A          63%         3    ####...
 Vampiric Draining        Necr           #.........   63%         3    ####...
 Animate Dead             Necr           N/A          95%         4    #####..
 Cause Fear               Hex            #.........   95%         4    #####..
 Leda's Liquefaction      Hex/Erth       #.........   95%         4    #####..
 Petrify                  Tmut/Erth      #.......     95%         4    #####..
 Sticky Flame             Conj/Fire      #.......     95%         4    #####..
 Agony                    Necr           #.......     100%        5    ######.
 Alistair's Intoxication  Tmut/Pois      #.......     100%        5    ######.
 Aura of Abjuration       Summ           #.........   100%        5    ######.
 Fireball                 Conj/Fire      #.........   100%        5    ######.
 Irradiate                Conj/Tmut      #.........   100%        5    ######.
 Metabolic Englaciation   Hex/Ice        #.........   100%        5    ######.
 Summon Demon             Summ           #.........   100%        5    ######.
 Summon Forest            Summ/Tloc      #.........   100%        5    ######.
 Summon Mana Viper        Hex/Summ       #.......     100%        5    ######.
 Yara's Violent Unravell  Hex/Tmut       #.........   100%        5    ######.
 Eringya's Noxious Bog    Tmut/Pois      #.........   100%        6    #######
 Hydra Form               Tmut           #.........   100%        6    #######
 Shadow Creatures         Summ           N/A          100%        6    #######
 Statue Form              Tmut/Erth      #........    100%        6    #######
 Dragon Form              Tmut           #.........   100%        7    #######


Dungeon Overview and Level Annotations

Branches:
Dungeon (15/15)            Temple (0/1) D:4            Lair (6/6) D:8
 Shoals (4/4) Lair:4       Spider (4/4) Lair:4        Slime (0/5) Lair:6
    Orc (2/2) D:10            Elf (0/3) Orc:2        Vaults (0/5) D:14
 Depths (0/5) D:15          Sewer (visited)          Bailey (visited)
Volcano (visited)

Altars:
Ashenzari
Cheibriados
Dithmenos
Elyvilon
Gozag
Kikubaaqudgha
Makhleb
Nemelex Xobeh
Okawaru
Sif Muna
Uskayaw
Wu Jian
Xom
Yredelemnul

Shops:
D:8 *   D:10 %   Orc:2 (}?!   Lair:2 ?[==}

Portals:
Pandemonium: Orc:2
Trove: D:14 (give +5 demon trident)

Annotations:
D:14 Roxanne
D:15 2 transporters, tkbsonic5's ghost, journeyman HuBe
Spider:3 1 transporter, Bai Suzhen
Spider:4 exclusion: 3 doors, Arachne


Innate Abilities, Weirdness & Mutations

You can spit globs of acid.
Your golden yellow scales are hard. (AC +10)
You cannot fit into any form of body armour.
You have acidic saliva.
You are cold-blooded and may be slowed by cold attacks.
You are resistant to acid. (rCorr)
Your large and strong wings let you fly indefinitely.
You have a pair of small horns on your head.
You are frail. (-10% HP)
You passively map a small area around you.


Message History

You are too injured to fight recklessly!
You see here 20 gold pieces.
The entropy weaver is no longer distracted by gold.
You block the entropy weaver's attack. x2; The entropy weaver hits you!
* * * LOW HITPOINT WARNING * * *
You block the entropy weaver's attack. The entropy weaver misses you.
The entropy weaver closely misses you. x2; The entropy weaver misses you.
You hit the entropy weaver but do no damage.
You headbutt the entropy weaver.
You tail-slap the entropy weaver, but do no damage.
You bite the entropy weaver, but do no damage.
The entropy weaver is moderately wounded.
You slash the entropy weaver! You burn the entropy weaver.
Your headbutt misses the entropy weaver.
The entropy weaver is severely wounded.
You block the entropy weaver's attack. x2; The entropy weaver hits you!
* * * LOW HITPOINT WARNING * * *
The entropy weaver hits you!
You die...
Your body crumbles into a pile of gold.

#.# * .^# .... ##
.... #^## ....
.#...##### # .^..
......#..## ##
....,
..........#########
#^ #...
.........a@$......#
#. #...
....^....##########
##. .....#...# #..
.... ##.## ##.. ,
.. ### #... , #...
, #... ,, * #... ,,
#...


You could see an entropy weaver.

Vanquished Creatures
  Gastronok (D:12)
  Agnes (D:14)
  Donald (Shoals:2)
  Ilsuiw (Shoals:2)
  A tengu reaver (D:14)
  An orc warlord (D:10)
  Louise (Spider:3)
  3 emperor scorpions
  An ironheart preserver (D:14)
  2 entropy weavers
  6 merfolk javelineers
  11 merfolk impalers
  Snorg (D:12)
  Erolcha (D:11)
  11 hydras
  2 ice dragons (D:15)
  4 centaur warriors
  2 satyrs
  A death knight (D:13)
  5 merfolk avatars
  5 merfolk aquamancers
  4 two-headed ogres
  3 tengu warriors
  The ghost of Atlas the Chiller, a novice DrIE of Vehumet (D:9)
  A deep troll earth mage (D:14)
  8 death yaks (Lair:5)
  6 orc high priests (Orc:2)
  A sun demon (Orc:2)
  A hell knight (Volcano)
  Nergalle (Lair:2)
  8 skeletal warriors
  A sixfirhy (Orc:2)
  A wizard (D:15)
  10 sea snakes
  A gelid demonspawn (Orc:2)
  2 torturous demonspawn (Orc:2)
  An unseen horror (D:10)
  Pikel (D:9)
  5 orc knights
  A harpy (Shoals:3)
  A necromancer (Spider:2)
  9 wolf spider zombies
  3 orc sorcerers (Orc:2)
  11 ugly things
  3 deep elf magi
  19 wolf spiders
  A manticore (shapeshifter) (D:14)
  5 moths of wrath
  14 manticores
  17 fauns
  15 orb spiders
  4 cyclopes
  A moth of wrath (shapeshifter) (D:14)
  9 elephants
  5 black mambas
  A rust devil (Orc:2)
  A guardian serpent (shapeshifter) (D:14)
  9 merfolk sirens
  2 water nymphs
  23 spiny frogs
  6 torpor snails
  2 molten gargoyles (Volcano)
  7 redback zombies (Spider:2)
  2 rime drakes (Shoals:2)
  5 yaktaurs
  2 komodo dragons
  22 demonic crawlers
  2 efreet
  A hellwing (Orc:2)
  3 tengu conjurers
  6 meliai (D:13)
  A queen bee (D:13)
  24 merfolk
  A red devil (Orc:2)
  6 trolls
  2 hornets
  2 polar bears
  26 jumping spiders
  4 tyrant leeches (Lair:6)
  5 wind drakes
  3 slime creatures
  8 tarantella zombies (Spider:2)
  10 snapping turtles
  8 hippogriffs
  30 dream sheep
  23 blink frogs
  15 flying skulls (D:13)
  A spriggan (Lair:2)
  Sigmund (D:4)
  43 redbacks
  17 tarantellas
  4 wyverns
  7 water elementals
  A shadow (D:9)
  4 basilisks
  54 yaks
  3 hungry ghosts
  3 steam dragons (Shoals:2)
  2 fire bats (Volcano)
  18 vampire mosquitoes
  7 wargs
  An acid dragon (D:14)
  A two-headed ogre zombie (D:10)
  2 hell hounds (Lair:3)
  9 water moccasins
  2 soldier ants (D:10)
  7 porcupines
  4 sky beasts
  5 ice beasts
  29 orc warriors
  3 black bears
  The ghost of AylatheWolf the Shield-Bearer, an amateur MiFi (D:5)
  4 phantoms
  A slave (D:9)
  A necrophage (D:8)
  13 ogres
  13 centaurs
  9 wolves
  9 crocodiles
  4 big kobolds
  25 bullfrogs
  2 water moccasin skeletons (D:10)
  6 scorpions
  34 killer bees
  2 troll zombies (D:10)
  2 howler monkeys
  3 electric eels
  8 crimson imps
  5 lava snakes (Volcano)
  4 centaur zombies
  A bullfrog zombie (D:5)
  14 orc wizards
  10 hounds
  4 jellies
  5 bullfrog skeletons
  4 centaur skeletons
  31 orc priests
  5 iguanas
  15 worker ants
  5 ogre zombies (D:10)
  20 adders
  4 gnolls
  A howler monkey skeleton (D:7)
  3 river rats (D:5)
  4 shadow imps
  An adder zombie (D:5)
  3 adder skeletons
  A dart slug (D:2)
  8 worms
  8 leopard geckos
  73 orcs
  A ball python (D:5)
  6 giant cockroaches
  14 goblins
  9 hobgoblins
  11 jackals
  33 kobolds
  2 quokkas
  9 bats
  5 frilled lizards
  A giant cockroach zombie (D:6)
  2 gnoll zombies (D:8)
  A goblin skeleton (D:10)
  3 goblin zombies (D:10)
  A hobgoblin skeleton (D:10)
  3 hobgoblin zombies (D:10)
  2 orc skeletons (D:10)
  15 orc zombies (D:10)
  A quokka skeleton (D:5)
  3 rats
  7 plants
1221 creatures vanquished.

Vanquished Creatures (collateral kills)
  An orc high priest (Orc:2)
  An orc sorcerer (Orc:2)
  An orc warrior (Orc:2)
  An orc wizard (Orc:1)
4 creatures vanquished.

Vanquished Creatures (others)
  A jumping spider (Spider:3)
  3 orc warriors
  A centaur (D:9)
  A goblin (D:3)
  2 bushes (Lair:6)
  24 fungi
  63 plants
95 creatures vanquished.

Grand Total: 1320 creatures vanquished

Notes
Turn   | Place    | Note
-------+----------+-------------------------------------------
     0 | D:1      | DeepDeath the Draconian Fighter began the quest for the
                  | Orb.
     0 | D:1      | Reached XP level 1. HP: 19/19 MP: 1/1
   338 | D:1      | Reached XP level 2. HP: 26/26 MP: 2/2
  1003 | D:1      | Reached XP level 3. HP: 31/31 MP: 3/3
  1510 | D:2      | Reached XP level 4. HP: 34/38 MP: 4/4
  1632 | D:2      | Found a burning altar of Makhleb.
  2143 | D:3      | Reached skill level 5 in Long Blades
  2406 | D:3      | Reached XP level 5. HP: 18/45 MP: 5/5
  2733 | D:3      | Found an opulent altar of Gozag.
  2809 | D:3      | Reached skill level 1 in Short Blades
  3050 | D:4      | Found a sparkling altar of Nemelex Xobeh.
  3093 | D:4      | Found a shattered altar of Ashenzari.
  3135 | D:4      | Reached XP level 6. HP: 51/51 MP: 6/6
  3192 | D:3      | Became a worshipper of Gozag Ym Sagoz the Greedy
  3220 | D:4      | Noticed Sigmund
  3234 | D:4      | Killed Sigmund
  3242 | D:4      | Reached skill level 5 in Short Blades
  3254 | D:4      | Your scales start taking on a golden yellow colour.
  3254 | D:4      | Reached XP level 7. HP: 57/57 MP: 7/7
  3254 | D:4      | Gained mutation: You are resistant to acid. (rCorr) [Yellow
                  | Draconian growth]
  3373 | D:4      | Found an iron altar of Okawaru.
  3485 | D:4      | Found a staircase to the Ecumenical Temple.
  3605 | D:5      | Entered Level 5 of the Dungeon
  3710 | D:5      | Found a runed translucent door.
  3732 | D:5      | Noticed AylatheWolf's ghost (amateur MiFi)
  3879 | D:5      | Found an ancient bone altar of Kikubaaqudgha.
  3949 | D:5      | Found a glowing drain.
  4056 | Sewer    | Entered a sewer
  4188 | Sewer    | Reached XP level 8. HP: 51/63 MP: 8/8
  4695 | D:5      | Found a runed translucent door.
  4795 | D:6      | Reached skill level 4 in Fighting
  4870 | D:6      | Found a white marble altar of Elyvilon.
  5128 | D:6      | Reached skill level 1 in Evocations
  5130 | D:6      | Reached skill level 1 in Throwing
  5327 | D:6      | Reached skill level 5 in Shields
  5649 | D:6      | Reached XP level 9. HP: 46/72 MP: 10/10
  5774 | D:6      | Found a snail-covered altar of Cheibriados.
  5784 | D:6      | Found a hide-covered altar of Uskayaw.
  6059 | D:6      | Reached skill level 5 in Fighting
  6697 | D:7      | You fall into a shaft and drop 3 floors!
  6697 | D:10     | Entered Level 10 of the Dungeon
  6917 | D:10     | Noticed a deep elf mage
  6934 | D:10     | Killed a deep elf mage
  7191 | D:9      | Noticed a four-headed hydra
  7200 | D:9      | Killed a four-headed hydra
  7200 | D:9      | Reached XP level 10. HP: 41/81 MP: 11/11
  7458 | D:9      | Noticed Pikel
  7490 | D:9      | Killed Pikel
  7580 | D:9      | Found a large runed translucent door.
  7581 | D:9      | Found a large runed translucent door.
  7582 | D:9      | Noticed Atlas's ghost (novice DrIE)
  7796 | D:9      | Found a shimmering blue altar of Sif Muna.
  7861 | D:8      | Found a flagged portal.
  7890 | D:8      | Reached skill level 10 in Shields
  8085 | Bailey   | Entered a bailey
  8388 | Bailey   | Noticed an orc knight
  8413 | Bailey   | Killed an orc knight
  8561 | Bailey   | Found an iron altar of Okawaru.
  8660 | D:8      | Found Ripou's Changing Room.
  8672 | D:8      | Bought a potion of mutation for 96 gold pieces
  8781 | D:8      | Found a staircase to the Lair.
  9256 | D:7      | Reached skill level 1 in Stealth
  9289 | D:7      | Found a shadowy altar of Dithmenos.
  9722 | D:8      | Found a basalt altar of Yredelemnul.
  9905 | D:9      | Reached XP level 11. HP: 83/86 MP: 12/12
 10047 | D:9      | Found an ornate altar of the Wu Jian Council.
 10545 | D:9      | Gained mutation: Your large and strong wings let you fly
                  | indefinitely. [potion of mutation]
 10545 | D:9      | Gained mutation: You passively map a small area around you.
                  | [potion of mutation]
 10545 | D:9      | Gained mutation: You are frail. (-10% HP) [potion of
                  | mutation]
 10545 | D:9      | Gained mutation: You have a pair of small horns on your
                  | head. [potion of mutation]
 10587 | D:10     | Found a staircase to the Orcish Mines.
 10780 | D:10     | Reached skill level 5 in Throwing
 10864 | D:10     | Killed an unseen horror
 10864 | D:10     | Reached skill level 10 in Short Blades
 11000 | D:10     | Found a runed translucent door.
 11000 | D:10     | Found a runed translucent door.
 11000 | D:10     | Noticed a skeletal warrior
 12278 | Lair:1   | Entered Level 1 of the Lair of Beasts
 12377 | Lair:1   | Reached skill level 6 in Fighting
 12672 | Lair:1   | You fall into a shaft and drop 1 floor!
 12991 | Lair:2   | Noticed an eight-headed hydra
 13385 | Lair:1   | Reached skill level 7 in Fighting
 14150 | Lair:1   | Noticed a seven-headed hydra
 14207 | Lair:1   | Killed a seven-headed hydra
 14207 | Lair:1   | Reached XP level 12. HP: 40/90 MP: 13/13
 14753 | Lair:2   | Reached skill level 8 in Fighting
 14899 | Lair:2   | Noticed Nergalle
 14911 | Lair:2   | Killed Nergalle
 15026 | Lair:2   | Bought the amulet "Jirouruop" {RegenMP MR++ SInv} for 793
                  | gold pieces
 15600 | Lair:2   | Bought the ring "Fycos" {rF+ Stlth-} for 344 gold pieces
 15655 | Lair:3   | Found a dark tunnel.
 15752 | Volcano  | Entered a volcano
 16302 | Volcano  | Found a bloodstained altar of Trog.
 16302 | Volcano  | Noticed a centaur warrior
 16306 | Volcano  | Killed a centaur warrior
 16306 | Volcano  | Reached skill level 9 in Fighting
 17808 | Lair:4   | Noticed a six-headed hydra
 17828 | Lair:4   | Killed a three-headed hydra
 17929 | Lair:4   | Noticed a four-headed hydra
 18055 | Lair:4   | Killed a one-headed hydra
 18544 | Lair:4   | Noticed a seven-headed hydra
 18562 | Lair:4   | Killed a two-headed hydra
 18562 | Lair:4   | Reached XP level 13. HP: 71/99 MP: 14/14
 18941 | Lair:2   | Bought the ring of the Swan {rElec Str+6} for 1160 gold
                  | pieces
 19284 | Lair:4   | Found a hole to the Spider Nest.
 19460 | Lair:4   | Found a staircase to the Shoals.
 19709 | Lair:5   | Reached skill level 10 in Long Blades
 22529 | D:5      | Killed AylatheWolf's ghost
 22650 | Orc:1    | Entered Level 1 of the Orcish Mines
 22686 | Orc:1    | Noticed an orc warlord
 22728 | D:10     | Killed an orc warlord
 23226 | D:9      | Gained mutation: You have acidic saliva. [Yellow Draconian
                  | growth]
 23226 | D:9      | Reached XP level 14. HP: 43/106 MP: 15/15
 24508 | Orc:2    | Entered Level 2 of the Orcish Mines
 24634 | D:10     | Bought a ration for 65 gold pieces
 24634 | D:10     | Bought a ration for 65 gold pieces
 24634 | D:10     | Bought a ration for 65 gold pieces
 24946 | Orc:2    | Found a staircase to the Elven Halls.
 25237 | Orc:2    | Found Nycecrue's Magic Scroll Shoppe.
 25245 | Orc:2    | Found Paragont's Distillery.
 25255 | Orc:2    | Reached skill level 15 in Shields
 25294 | Orc:2    | Bought a potion of might for 52 gold pieces
 25294 | Orc:2    | Bought a potion of heal wounds for 65 gold pieces
 25294 | Orc:2    | Bought a potion of haste for 130 gold pieces
 25956 | D:10     | Bought a ration for 65 gold pieces
 26097 | D:10     | Found the +7 lajatang of Order {silver, rMut}
 26145 | D:10     | Got a spiked cloak
 26247 | D:10     | Identified the +2 cloak "Tacoifur" {Str+3 Int+6 Stlth+}
                  | (You found it on level 10 of the Dungeon)
 26523 | Lair:6   | Entered Level 6 of the Lair of Beasts
 26665 | Lair:6   | Reached skill level 5 in Dodging
 26939 | Lair:6   | Reached skill level 10 in Fighting
 27429 | Lair:6   | Found a staircase to the Slime Pits.
 27576 | Lair:6   | HP: 5/109 [crocodile (17)]
 28035 | Lair:6   | Reached skill level 11 in Fighting
 28246 | Lair:6   | Got a slimy falchion
 28261 | Lair:6   | Identified the cursed +1 falchion of Yblyf {venom, Str+3}
                  | (You found it on level 6 of the Lair of Beasts)
 29128 | D:11     | Noticed Erolcha
 29134 | D:11     | Killed Erolcha
 29717 | D:12     | Noticed Gastronok
 29729 | D:12     | Killed Gastronok
 29807 | D:12     | Noticed Snorg
 29891 | D:12     | Reached XP level 15. HP: 82/118 MP: 16/16
 30099 | D:12     | Killed Snorg
 30279 | D:12     | Found a shimmering altar of Xom.
 30901 | Orc:2    | Reached skill level 12 in Fighting
 31657 | Orc:2    | Found Mudodgh's Gadget Boutique.
 31657 | Orc:2    | Found a one-way gate leading to the halls of Pandemonium.
 31657 | Orc:2    | Found Juploiq's Antique Weapon Shop.
 31667 | Orc:2    | Bought a glowing scimitar for 231 gold pieces
 31674 | Orc:2    | Bought a runed falchion for 198 gold pieces
 31759 | D:10     | Bought a ration for 65 gold pieces
 31759 | D:10     | Bought a ration for 65 gold pieces
 32024 | D:13     | Found the +3 giant club "Skullcrusher" {speed, Str+7}
 32520 | D:13     | Reached skill level 13 in Fighting
 33608 | D:9      | Killed Atlas's ghost
 33738 | D:14     | Found a gate to the Vaults.
 33823 | D:14     | Reached skill level 10 in Dodging
 33845 | D:14     | Identified Roxanne's Reference Book on Changing
 33845 | D:14     | Noticed Roxanne
 33918 | D:14     | Noticed Agnes
 33927 | D:14     | Killed Agnes
 34085 | D:14     | Found a portal to a secret trove of treasure.
 34101 | D:14     | Found a white marble altar of Elyvilon.
 34156 | D:14     | Identified a scroll of acquirement
 34211 | D:14     | Acquired a manual of Dodging
 34968 | D:14     | Noticed a tengu reaver
 35158 | Lair:2   | Bought a cursed amulet of inaccuracy for 30 gold pieces
 35275 | Shoals:1 | Entered Level 1 of the Shoals
 35787 | Shoals:1 | Reached skill level 5 in Stealth
 36151 | Shoals:1 | Reached XP level 16. HP: 116/130 MP: 17/17
 36343 | Shoals:1 | Reached skill level 14 in Fighting
 37356 | D:14     | Killed a tengu reaver
 37831 | D:14     | Identified the Collected Works on Hexes
 38031 | D:15     | Entered Level 15 of the Dungeon
 39187 | D:15     | Found a transporter.
 39188 | D:15     | Noticed tkbsonic5's ghost (journeyman HuBe)
 39189 | D:15     | Found a transporter.
 39190 | D:15     | Identified the +6 great mace "Viutrore" {freeze, rC- rN+
                  | SInv}
 39367 | D:15     | Reached skill level 15 in Fighting
 39373 | D:15     | Found a staircase to the Depths.
 39919 | Shoals:2 | Noticed Donald
 39929 | Shoals:2 | Killed Donald
 40498 | Shoals:2 | Noticed Ilsuiw
 42075 | Shoals:2 | Killed Ilsuiw
 44247 | Spider:1 | Entered Level 1 of the Spider Nest
 44272 | Spider:1 | Reached skill level 16 in Fighting
 44700 | Spider:1 | Reached XP level 17. HP: 141/142 MP: 18/18
 44898 | Lair:4   | Reached skill level 15 in Dodging
 46241 | Spider:2 | Got a crude silver amulet
 46245 | Spider:2 | Identified the amulet of Coronation {Reflect rPois Int-3
                  | Dex+3 SH+5} (You found it on level 2 of the Spider Nest)
 47327 | Spider:2 | Reached skill level 17 in Fighting
 47636 | Spider:2 | Got a bloodstained trident
 47637 | Spider:2 | Identified the +6 trident of Thoughtfulness {elec, Int+3}
                  | (You found it on level 2 of the Spider Nest)
 48024 | Spider:3 | Found a transporter.
 49047 | Spider:3 | Identified the +2 tower shield "Waer" {-Tele rElec rN+
                  | SInv}
 49047 | Spider:3 | Noticed Louise
 49048 | Spider:3 | Noticed Bai Suzhen
 49273 | Spider:3 | Killed Louise
 49698 | Lair:2   | Bought a scroll of identify for 42 gold pieces
 49698 | Lair:2   | Bought a scroll of identify for 42 gold pieces
 49698 | Lair:2   | Bought a scroll of fog for 42 gold pieces
 49698 | Lair:2   | Bought a scroll of fear for 73 gold pieces
 49856 | Shoals:4 | Entered Level 4 of the Shoals
 52161 | Shoals:4 | Reached XP level 18. HP: 100/153 MP: 19/19
 52187 | Shoals:4 | Reached skill level 18 in Fighting
 53034 | Shoals:4 | HP: 4/155 [merfolk/boomerang (14)]
 53041 | Shoals:4 | HP: 11/232 [merfolk impaler/+2 vorpal trident (17)]
 53042 | Shoals:4 | HP: 2/232 [merfolk impaler/+2 vorpal trident (7)]
 53521 | Shoals:4 | Identified the amulet of Insomnia {Faith rN+}
 54242 | Spider:4 | Entered Level 4 of the Spider Nest
 54261 | Spider:4 | Reached skill level 19 in Fighting
 54910 | Spider:4 | Noticed Arachne
 54947 | Spider:3 | HP: 1/158 [entropy weaver (10)]
 54947 | Spider:3 | Mangled by an entropy weaver

Illustrated notes

Levels and vault maps discovered:
D:1:      minmay_arrival_four_houses, layout_loops_ring, st_stairs_9
D:2:      layout_rooms, overflow_temple_1_default, serial_corexii_hall,
          corexii_hall_statues_i, corexii_hall_statues_l
D:3:      kennysheep_the_goblin_king, layout_rooms,
          nicolae_overflow_hidden_temple, serial_bayou, serial_bayou_shore_b,
          serial_bayou_pond_c, serial_bayou_pond_d, serial_bayou_shore_b,
          serial_bayou_ford_a
D:4:      layout_rooms, kennysheep_mini_moat, grunt_temple_overflow_open,
          minmay_temple_entry_glassed_door, serial_glass, glass_columns_a,
          glass_columns_a, uniq_sigmund
D:5:      layout_basic, kiku_gazebo_garden_becter, ebering_ghost_sewer_f,
          lightli_sewer_entry_pipes, first_ration
D:6:      layout_basic, nicolae_overflow_crystal_walls,
          amethyst_overflow_temple_binary
D:7:      layout_cave_pools, nicolae_dithmenos_the_darkroom
D:8:      layout_rooms, lemuel_zombie_altar_yredelemnul,
          erik_lair_orcish_takeover, enter_bailey_2, nicolae_transmutations_shop
D:9:      layout_loops_corners, marbit_many_paths,
          lemuel_coloured_pillars_altar, ebering_ghost_disaster_area,
          grunt_ogre_cave, uniq_pikel
D:10:     minmay_the_grid_triangle_9x9_rhombus_full
          [minmay_the_grid_triangle_9x9_zippers_horizontal,
          minmay_the_grid_triangle_9x9_stretched_checkered,
          minmay_the_grid_triangle_9x9_corrupted_corridor,
          minmay_the_grid_triangle_9x9_dagger,
          minmay_the_grid_triangle_9x9_swiss_cheese,
          minmay_the_grid_triangle_9x9_odd_lines,
          minmay_the_grid_triangle_9x9_tough_junction,
          minmay_the_grid_triangle_9x9_prize_schism], layout_cave_pools,
          zombieorc2_lemuel, kennysheep_generic_room_9
D:11:     layout_loops_ring, uniq_erolcha
D:12:     layout_roguey, tgw_xom, uniq_snorg, uniq_gastronok
D:13:     layout_roguey [special_room_bee], grunt_decor_cap,
          minmay_guarded_unrand_skullcrusher
D:14:     wad_river_or_something, layout_basic,
          skrybe_vaults_entry_preservation, elyvilon_altar_5, enter_trove_2,
          minmay_diamond_spiral, uniq_roxanne, uniq_agnes
D:15:     grunt_enter_depths_hoard, layout_basic, gammafunk_ghost_smash,
          nicolae_wwwww
Lair:1:   layout_roguey, serial_bayou_shore_a, grunt_megastairs_2
Lair:2:   layout_roguey, grunt_forest_stairs_clearing, lemuel_fruit_tree,
          uniq_nergalle
Lair:3:   layout_chaotic_city, enter_volcano_3
Lair:4:   layout_regular_city, elwin_shoals_entry_rooms,
          nicolae_spider_entry_non_spiders
Lair:5:   layout_gridlike, beast_lair_carwin_1
Lair:6:   minmay_lair_end_frog_pond, layout_regular_city,
          minmay_slime_entry_pillars, infiniplex_staircase_pool_2
Shoals:1: layout_shoals
Shoals:2: layout_shoals, nicolae_shoals_drake_roost, uniq_ilsuiw, uniq_donald
Shoals:3: layout_shoals, nicolae_shoals_circle_sea_wall,
          nicolae_shoals_dead_sea_scrolls
Shoals:4: shoals_end_simple, layout_shoals, shoals_ilsuiw_alternative,
          serial_shops, nicolae_shop_stone
Spider:1: layout_spider_delve
Spider:2: lemuel_spider_zombies, worms_lemuel
Spider:3: gammafunk_its_a_trap, nicolae_spider_webs_and_nodes,
          hangedman_spider_mandibles, uniq_bai_suzhen, uniq_kirke, uniq_louise
Spider:4: spider_rune_water, uniq_arachne
Orc:1:    layout_caves
Orc:2:    pf_orc_diabolical, layout_caves

Skill      XL: |  1  2  3  4  5  6  7  8  9 10 11 12 13 14 15 16 17 18 |
---------------+-------------------------------------------------------+-----
Long Blades    | 3 4 5 9 12 | 12.3
Short Blades   | 3 5 7 9 11 12 | 12.0
Dodging        | 4 7 10 14 16 | 16.0
Shields        | 5 9 10 11 13 14 15 | 15.0
Fighting       | 4 5 7 9 11 13 16 17 19 | 19.2
Evocations     | 2 |  2.0
Throwing       | 2 4 5 |  5.0
Stealth        | 1 2 5 8 |  8.0

Action                   |  1- 3 |  4- 6 |  7- 9 | 10-12 | 13-15 | 16-18 || total
-------------------------+-------+-------+-------+-------+-------+-------++-------
Melee: Long sword        |   117 |    66 |       |    56 |       |     3 ||   242
       Tailslap          |    13 |    13 |    76 |   167 |   249 |   307 ||   825
       Short sword       |       |    86 |   514 |   946 |       |       ||  1546
       Headbutt          |       |       |       |   221 |   400 |   476 ||  1097
       Scimitar          |       |       |       |    91 |  1247 |  1309 ||  2647
       Bite              |       |       |       |       |   162 |   248 ||   410
       Rapier            |       |       |       |       |     1 |     2 ||     3
       Falchion          |       |       |       |       |    52 |    29 ||    81
Throw: Stone             |     9 |    10 |       |       |       |       ||    19
       Dart              |       |     3 |    42 |    11 |     2 |     2 ||    60
       Boomerang         |       |       |       |   104 |   296 |   331 ||   731
       Throwing net      |       |       |       |       |       |     2 ||     2
       Javelin           |       |       |       |       |       |    10 ||    10
Invok: Call Merchant     |       |       |       |     2 |     2 |     2 ||     6
       Potion Petition   |       |       |       |       |     5 |     6 ||    11
 Abil: Breathe Acid      |       |       |       |     6 |    11 |     7 ||    24
       Fly               |       |       |       |       |     4 |     5 ||     9
       Stop Flying       |       |       |       |       |     3 |     5 ||     8
Evoke: Wand              |       |       |     1 |    22 |    10 |    16 ||    49
       Lightning rod     |       |       |       |     4 |     4 |     6 ||    14
       Box of beasts     |       |       |       |       |     7 |       ||     7
       Phial of floods   |       |       |       |       |       |     1 ||     1
  Use: Scroll            |     7 |     4 |     9 |    13 |    17 |    14 ||    64
       Potion            |       |     1 |     4 |     5 |     5 |    12 ||    27
 Stab: Sleeping          |     2 |       |     1 |     2 |    24 |    12 ||    41
       Distracted        |       |       |     4 |     5 |    13 |     7 ||    29
       Paralysed         |       |       |     2 |     2 |     3 |     2 ||     9
       Invisible         |       |       |       |       |     3 |       ||     3
  Eat: Chunk             |     2 |     6 |       |       |       |       ||     8
       Ration            |       |       |     4 |    11 |    18 |    17 ||    50
Armor: Skin              |    30 |    74 |   105 |   112 |   115 |   185 ||   621
Dodge: Dodged            |    60 |    60 |   134 |   343 |   351 |   772 ||  1720
Block: Kite shield       |    59 |    74 |   189 |   452 |   663 |   915 ||  2352
       Rpst.: Long sword |    23 |    11 |       |     6 |       |       ||    40
       Scimitar          |       |       |       |     7 |    91 |   121 ||   219
       Falchion          |       |       |       |       |     6 |     2 ||     8
